 Dungeon Crawl Stone Soup version 0.29-a0-506-ga2e7fffb44 (webtiles) character file.

Game seed: 11353354021603073672

57 jsc111 the Cutter (level 4, 0/35 HPs)
             Began as a Human Berserker on May 28, 2022.
             Was a Follower of Trog.
             Slain by an adder (1 damage)
             ... on level 2 of the Dungeon.
             The game lasted 00:06:41 (2197 turns).

jsc111 the Cutter (Human Berserker)                 Turns: 2197, Time: 00:06:42

Health: 0/35       AC:  2    Str: 19    XL:     4   Next: 18%
Magic:  4/4        EV: 12    Int:  7    God:    Trog [*.....]
Gold:   60         SH:  0    Dex: 13    Spells: 3/3 levels left

rFire   . . .      SeeInvis .   a - +0 short sword
rCold   . . .      Faith    .   (no shield)
rNeg    . . .      Spirit   .   b - +0 animal skin
rPois   .          Reflect  .   (no helmet)
rElec   .          Harm     .   (no cloak)
rCorr   .          Rampage  .   (no gloves)
Will    .....                   (no boots)
Stlth   ++........              (no amulet)
HPRegen 0.11/turn               (no ring)
MPRegen 0.09/turn               (no ring)

@: lethally poisoned (0 -> -3)
A: no striking features
a: Renounce Religion, Berserk


You were on level 2 of the Dungeon.
You worshipped Trog.
Trog was aware of your devotion.
You visited 1 branch of the dungeon, and saw 2 of its levels.

You collected 60 gold pieces.

Inventory:

Hand Weapons
 a - a +0 short sword (weapon)
Armour
 b - a +0 animal skin (worn)
Jewellery
 d - a ring of protection from fire
Scrolls
 c - a scroll of enchant armour {unknown}
 g - 2 scrolls of teleportation
 h - a scroll of vulnerability {unknown}
 i - a scroll of fear
 m - a scroll of fog {unknown}
Potions
 e - 2 potions of lignification {unknown}
 f - a potion of invisibility {unknown}
 j - a potion of curing {unknown}
 k - 2 potions of degeneration
 l - a potion of brilliance {unknown}


   Skills:
 + Level 3.5 Fighting
 + Level 3.7 Short Blades
 + Level 2.1 Armour
 + Level 2.2 Dodging
 + Level 1.4 Stealth


You had 3 spell levels left.
You didn't know any spells.
Your spell library was empty.

Dungeon Overview and Level Annotations

Branches:
Dungeon (2/15)

Altars:

Shops:
D:1 (


Message History

The adder is lightly wounded.
You feel sick. The adder bites you but does no damage.
You miss the adder.
The adder is lightly wounded.
You feel sick. The adder bites you. The adder barely misses you.
You barely miss the adder.
The adder is lightly wounded.
You feel sick. The adder bites you.
You closely miss the adder.
The adder is lightly wounded.
You feel sick.
You are no longer poisoned.
The adder bites you but does no damage.
You hit the adder.
The adder is lightly wounded.
The adder bites you.
You barely miss the adder.
The adder is lightly wounded.
The adder barely misses you.
You barely miss the adder.
The adder is lightly wounded.
The adder bites you.
* * * LOW HITPOINT WARNING * * *
The adder bites you.
* * * LOW HITPOINT WARNING * * *
You are lethally poisoned!
The adder poisons you!
You barely miss the adder.
The adder is lightly wounded.
* * * LOW HITPOINT WARNING * * *
You feel sick. The adder barely misses you.
You completely miss the adder.
The adder is lightly wounded.
* * * LOW HITPOINT WARNING * * *
You feel sick. The adder barely misses you.
You hit the adder but do no damage.
The adder is lightly wounded.
* * * LOW HITPOINT WARNING * * *
You feel sick. The adder bites you.
You die...

###.#.........#.....>.....#
.....#..#).....#...........#
#....#.>.......)...........#
#....#.##......#...........#
#....#.##......#...........#
##....#.##......#...........#
........##......#...........#
##..............#...........#
.............[.S@...........#
...###..........#...........#
. #..........#############
#............# #..).........#
#............# ##...........#
............#


You could see an adder.

Vanquished Creatures
  2 adders (D:2)
  A dart slug (D:1)
  3 bats (D:1)
  7 endoplasms
  A giant cockroach (D:2)
  4 hobgoblins (D:1)
  4 kobolds
  3 ball pythons
  3 frilled lizards (D:1)
  2 goblins
  5 rats
35 creatures vanquished.

Notes
Turn   | Place    | Note
-------+----------+-------------------------------------------
     0 | D:1      | jsc111 the Human Berserker began the quest for the Orb.
     0 | D:1      | Reached XP level 1. HP: 18/18 MP: 1/1
   515 | D:1      | Found a faded altar of an unknown god.
   574 | D:1      | Reached XP level 2. HP: 13/24 MP: 2/2
   992 | D:1      | Found Voakaq's Antique Weapon Boutique.
  1247 | D:1      | Reached XP level 3. HP: 22/29 MP: 3/3
  1746 | D:2      | Reached skill level 1 in Stealth
  1892 | D:2      | Reached XP level 4. HP: 27/35 MP: 4/4
  2197 | D:2      | HP: 1/35 [poisoned by an adder]
  2197 | D:2      | Slain by an adder

Illustrated notes

Levels and vault maps discovered:
D:1:      onia_arrival_handbag, layout_basic, serial_shops,
          nicolae_shop_crystal, shapermc_ecumenical_altar_venn, glass_columns_c,
          palyth_stone_intersect
D:2:      layout_basic, uniq_natasha

Skill      XL: |  1  2  3 |
---------------+----------+-----
Stealth        | 1 |  1.4
Fighting       | |  3.5
Short Blades   | |  3.7
Armour         | |  2.1
Dodging        | |  2.2

Action                   |  1- 3 |  4- 6 || total
-------------------------+-------+-------++-------
Melee: Short sword       |    98 |    26 ||   124
       Punch             |     1 |       ||     1
Invok: Berserk           |     6 |       ||     6
  Use: Scroll            |     4 |       ||     4
       Potion            |     2 |       ||     2
Armor: Animal skin       |    18 |     4 ||    22
Dodge: Dodged            |    74 |    17 ||    91

Table legend: (Time is in decaauts)
 A = Elapsed time spent in this place.
 B = Non-inter-level travel time spent in this place.
 C = Inter-level travel time spent in this place.
 D = Time resting spent in this place.
 E = Time spent auto-exploring this place.
 F = Levels seen in this place.
 G = Mean time per level.
                   A        B        C        D        E       F      G
               +--------+--------+--------+--------+--------+-----+--------+
         Total |   2248 |   2248 |      0 |   1032 |      0 |   2 | 1124.0 |
       Dungeon |   2248 |   2248 |      0 |   1032 |      0 |   2 | 1124.0 |
               +--------+--------+--------+--------+--------+-----+--------+

Top non-repeatable levels by time:
     D:1: 1728 daAuts
     D:2: 520 daAuts
